AoeStats
← CaptainThomas

MegaRandom

503249805Analyzed
1v1 RM · 1mo ago on Aug 30, 2026· 43m 0s· 2 players
Game mode
Random Map
Map size
Tiny (2 player)
Population
200
Speed
Normal
Resources
Standard
Victory
Conquest
Starting age
Dark Age
Ending age
Imperial Age
RankedLock teamsTeams togetherTeam positionsShared explorationLock speedFull tech treeHidden civsTurbo modeCheats
Victory
Defeat
🇫🇷 Dravidians · France
1658
+18
🇪🇸 Franks · Spain
1695
-18
CaptainThomas
5:15 Loom
6:21 Loom
9:50 Feudal Age
9:28 Loom
11:02 Loom
18:15 Castle Age
17:15 Horse Collar
17:48 Scale Mail Armor
18:08 Man-at-Arms
18:56 Double-Bit Axe
20:10 Wheelbarrow
19:06 Long Swordsman
22:48 Gambesons
25:29 Chain Mail Armor
27:13 Hand Cart
27:57 Squires
28:09 Forging
35:12 Imperial Age
32:29 Pikeman
33:46 Iron Casting
33:36 Fletching
35:04 Bow Saw
34:56 Bodkin Arrow
36:39 Plate Mail Armor
37:26 Bracer
37:51 Padded Archer Armor
39:45 Leather Archer Armor
39:48 Heavy Plow
41:39 Chemistry
42:17 Halberdier
43:40 Conscription
43:22 Stone Mining
j_r-91
7:19 Loom
7:42 Loom
10:34 Feudal Age
11:08 Double-Bit Axe
17:48 Fletching
22:12 Castle Age
22:50 Bodkin Arrow
22:28 Crossbowman
24:21 Padded Archer Armor
33:31 Wheelbarrow
36:54 Imperial Age
35:24 Bow Saw
35:15 Town Watch
36:00 Scale Barding Armor
37:10 Scale Mail Armor
37:31 Chain Barding Armor
37:36 Masonry
38:12 Cavalier
39:32 Sanctity
40:44 Chemistry
41:24 Elite Skirmisher
42:26 Ballistics
42:23 Leather Archer Armor
Connection lost

Rejoining the realm…

Still unreachable

The connection could not be restored.

Session expired

The server has moved on; the page needs a fresh start.